 Dungeon Sprint DCSS version 0.22-a0-110-g5b255cf (webtiles) character file.

1232 Kidiri the Protected (level 8, -33/81 HPs)
             Began as a Minotaur Fighter on Jan 28, 2018.
             Was a Follower of Okawaru.
             Killed from afar by Josephine (36 damage)
             ... with a ghostly fireball
             ... in the Dungeon (Sprint III: "The Ten Rune Challenge").
             The game lasted 00:05:06 (1232 turns).

Kidiri the Protected (Minotaur Fighter)             Turns: 1232, Time: 00:05:07

Health: -33/81     AC:  9    Str: 22    XL:     8   Next: 24%
Magic:  6/7        EV: 10    Int:  7    God:    Okawaru [*.....]
Gold:   49         SH: 11    Dex: 11    Spells: 7/7 levels left

rFire    + . .     SeeInvis .   a - +0 flail
rCold    . . .     Gourm    .   c - +0 shield
rNeg     . . .     Faith    .   b - +0 scale mail
rPois    .         Spirit   .   (helmet restricted)
rElec    .         Reflect  .   (no cloak)
rCorr    .         Harm     .   j - +0 pair of gloves
MR       .....     NoTele   +   (no boots)
Stlth    +.........             (no amulet)
HPRegen  0.23/turn              (no ring)
MPRegen  0.10/turn              (no ring)

@: very heavily drained
A: retaliatory headbutt, horns 2, camouflage 1, clever 1, fire resistance 1,
wild magic 2
a: Heroism, Renounce Religion


You were in the Dungeon.
You worshipped Okawaru.
Okawaru was aware of your devotion.
You were not hungry.

You visited 1 branch You collected 49 gold pieces.

Inventory:

Hand Weapons
 a - a +0 flail (weapon)
Armour
 b - a +0 scale mail (worn)
 c - a +0 shield (worn)
 j - a +0 pair of gloves (worn)
Scrolls
 k - a scroll of blinking
 n - a scroll of torment {unknown}
 o - 3 scrolls of remove curse
 q - a scroll of holy word {unknown}
 r - 2 scrolls of identify
 s - a scroll of fog {unknown}
Potions
 h - a potion of haste
 i - 2 potions of magic
 p - 4 potions of flight
Books
 l - a book of Misfortune

   Spells                             Type                      Level
   a - Confusing Touch                Hexes                        1
   b - Confuse                        Hexes                        3
   c - Gell's Gravitas                Translocation                3
   d - Petrify                        Transmutation/Earth          4
   e - Metabolic Englaciation         Hexes/Ice                    5
   f - Yara's Violent Unravelling     Hexes/Transmutation          5
Comestibles
 f - 4 rations


   Skills:
 * Level 10.9(7.4) Fighting
 * Level 10.5(7.1) Maces & Flails
 * Level 10.9(7.4) Armour
 + Level 6.5(3.4) Dodging
 * Level 10.8(7.3) Shields


You had 7 spell levels left.
You didn't know any spells.

Dungeon Overview and Level Annotations

Branches:
Dungeon (1/1)

Altars:
Cheibriados
Dithmenos
Elyvilon
Fedhas
Gozag
Hepliaklqana
Kikubaaqudgha
Makhleb
Nemelex Xobeh
Okawaru
Qazlal
Ru
Sif Muna
Trog
Uskayaw
Vehumet
Wu Jian
Xom
Yredelemnul
Zin
The Shining One
Beogh
Jiyva
Lugonu

Annotations:
D exclusion: door, Josephine


Innate Abilities, Weirdness & Mutations

You reflexively headbutt those who attack you in melee.
You have a pair of horns on your head.
Your skin changes colour to match your surroundings (Stealth+).
Your mind is acute. (Int +2)
Your flesh is heat resistant. (rF+)
Your spells are harder to cast, but more powerful.


Message History

Unknown command.
You feel better. Josephine casts a spell at you.
The ghostly flame explodes!
The ghostly fireball engulfs you!
You feel drained.
* * * LOW HITPOINT WARNING * * *
The ghostly fireball engulfs Josephine.
Josephine completely resists.
Okay, then.
Unknown command.
You sock Josephine!
Josephine is severely wounded.
You feel like a meek peon again. Josephine barely misses you.
You closely miss Josephine.
Josephine is severely wounded.
Josephine barely misses you. You furiously retaliate!
You headbutt Josephine! You closely miss Josephine. You headbutt Josephine.
Josephine is severely wounded.
Josephine casts a spell at you.
The ghostly flame explodes!
The ghostly fireball engulfs you!
You feel drained.
You die...

.#...#__.#._#
.###+#+###+##
.#...)...[.%#
.'.⌠........#
.#...######'#
.#.⌠.#__#...#+#####
.#...#__#...#..≈≈§+
.#+###__#...#§#§§§#
.#.).#__#..§'§#@@§#
.#___#__+..§#.#§§.#
▓▓▓▓▓▓▓▓▓▓▓▓▓▓▓▓▓▓▓


You could see Josephine.

Vanquished Creatures
  A deep elf mage (D)
  A shadow (D)
  A spatial vortex (D)
  A necrophage (D)
  A water elemental (D)
  A jelly (D)
  A wizard (D)
  A necromancer (D)
  A kobold demonologist (D)
  3 humans (D)
  An ooze (D)
  A phantom (D)
  3 rats (D)
17 creatures vanquished.

Vanquished Creatures (others)
  2 draconian scorchers (D)
  2 yaktaurs (D)
  6 hellions (D)
  A plant (D)
11 creatures vanquished.

Grand Total: 28 creatures vanquished

Notes
Turn   | Place    | Note
-------+----------+-------------------------------------------
     0 | D        | Kidiri the Minotaur Fighter began the quest for the Orb.
     0 | D        | Reached XP level 1. HP: 19/19 MP: 0/0
    50 | D        | Killed a yaktaur
    89 | D        | Reached skill level 1 in Dodging
   107 | D        | Killed a hellion
   110 | D        | Killed a hellion
   118 | D        | Killed a hellion
   119 | D        | Killed a hellion
   119 | D        | Killed a hellion
   120 | D        | Reached XP level 2. HP: 22/28 MP: 1/1
   121 | D        | Killed a yaktaur
   131 | D        | Killed a hellion
   179 | D        | Killed a white draconian scorcher
   180 | D        | Killed a white draconian scorcher
   195 | D        | Reached skill level 5 in Armour
   195 | D        | Reached XP level 3. HP: 32/35 MP: 2/2
   213 | D        | Gained mutation: You have a somewhat thin skeletal structure. (Dex +2, Stealth) [potion of mutation]
   213 | D        | Gained mutation: You are surrounded by a mild repulsion field. (EV +2) [potion of mutation]
   214 | D        | Lost mutation: You are surrounded by a mild repulsion field. (EV +2) [potion of mutation]
   214 | D        | Lost mutation: You have a somewhat thin skeletal structure. (Dex +2, Stealth) [potion of mutation]
   214 | D        | Gained mutation: You are clumsy. (Dex -2) [potion of mutation]
   214 | D        | Gained mutation: You are partially covered in molten scales. (AC +2) [potion of mutation]
   214 | D        | Gained mutation: You have an increased reservoir of magic. (+10% MP) [potion of mutation]
   214 | D        | Gained mutation: Your system is resistant to poisons. (rPois) [potion of mutation]
   215 | D        | Lost mutation: You are clumsy. (Dex -2) [potion of mutation]
   215 | D        | Lost mutation: Your system is resistant to poisons. (rPois) [potion of mutation]
   215 | D        | Gained mutation: Armour fits poorly on your strangely shaped body. [potion of mutation]
   215 | D        | Gained mutation: You are weak. (Str -2) [potion of mutation]
   215 | D        | Gained mutation: Your skin changes colour to match your surroundings (Stealth+). [potion of mutation]
   216 | D        | Lost mutation: You are weak. (Str -2) [potion of mutation]
   216 | D        | Lost mutation: You are partially covered in molten scales. (AC +2) [potion of mutation]
   216 | D        | Lost mutation: Armour fits poorly on your strangely shaped body. [potion of mutation]
   216 | D        | Lost mutation: You have an increased reservoir of magic. (+10% MP) [potion of mutation]
   216 | D        | Gained mutation: Your spells are a little harder to cast, but a little more powerful. [potion of mutation]
   216 | D        | Gained mutation: Your flesh is heat resistant. (rF+) [potion of mutation]
   216 | D        | Gained mutation: Your spells are harder to cast, but more powerful. [potion of mutation]
   216 | D        | Gained mutation: Your mind is acute. (Int +2) [potion of mutation]
   223 | D        | Noticed a water elemental
   232 | D        | Killed a water elemental
   232 | D        | Reached skill level 5 in Maces & Flails
   232 | D        | Reached XP level 4. HP: 31/44 MP: 3/3
   331 | D        | Found a hide-covered altar of Uskayaw.
   331 | D        | Found a roughly hewn altar of Beogh.
   331 | D        | Found an iron altar of Okawaru.
   331 | D        | Found a bloodstained altar of Trog.
   331 | D        | Found an ornate altar of the Wu Jian Council.
   331 | D        | Noticed a human
   331 | D        | Noticed a human
   347 | D        | Killed a human
   347 | D        | Reached XP level 5. HP: 10/53 MP: 4/4
   349 | D        | Killed a human
   349 | D        | Reached XP level 6. HP: 12/62 MP: 5/5
   360 | D        | Became a worshipper of Warmaster Okawaru
   649 | D        | Found a radiant altar of Vehumet.
   650 | D        | Found a deep blue altar of Sif Muna.
   650 | D        | Found an ancient bone altar of Kikubaaqudgha.
   656 | D        | Reached skill level 5 in Dodging
   737 | D        | Found a glowing silver altar of Zin.
   738 | D        | Found a glowing golden altar of the Shining One.
   738 | D        | Found a white marble altar of Elyvilon.
   738 | D        | Noticed a deep elf mage
   742 | D        | Noticed an ice beast
   750 | D        | Noticed an ice beast
   753 | D        | HP: 1/62 [ice beast[a deep elf mage] (10)]
   755 | D        | Noticed an ice beast
   755 | D        | Killed a deep elf mage
   755 | D        | Reached skill level 10 in Fighting
   755 | D        | Reached skill level 10 in Armour
   755 | D        | Reached skill level 10 in Shields
   755 | D        | Reached XP level 7. HP: 28/72 MP: 6/6
  1015 | D        | Found a basalt altar of Yredelemnul.
  1015 | D        | Found a shadowy altar of Dithmenos.
  1015 | D        | Found a sacrificial altar of Ru.
  1026 | D        | Reached skill level 10 in Maces & Flails
  1037 | D        | Noticed a shadow
  1042 | D        | Killed a shadow
  1042 | D        | Reached * piety under Okawaru
  1042 | D        | Reached XP level 8. HP: 71/81 MP: 7/7
  1082 | D        | Found a blossoming altar of Fedhas.
  1082 | D        | Found a stormy altar of Qazlal.
  1083 | D        | Found a snail-covered altar of Cheibriados.
  1083 | D        | Found a burning altar of Makhleb.
  1083 | D        | Found a hazy altar of Hepliaklqana.
  1083 | D        | Found a shimmering altar of Xom.
  1083 | D        | Found an opulent altar of Gozag.
  1083 | D        | Found a sparkling altar of Nemelex Xobeh.
  1083 | D        | Found a corrupted altar of Lugonu.
  1083 | D        | Found a viscous altar of Jiyva.
  1218 | D        | Noticed Josephine
  1229 | D        | HP: 2/81 [Josephine/ghostly fireball (20)]
  1232 | D        | Killed from afar by Josephine

Vault maps used:
D:        dungeon_sprint_mu

Skill      XL: |  1  2  3  4  5  6  7 |
---------------+----------------------+-----
Fighting       | 4 6 7 8 10 | 10.9
Maces & Flails | 4 5 7 8 9 10 | 10.5
Armour         | 4 5 6 7 8 10 | 10.9
Shields        | 4 6 7 8 10 | 10.8
Dodging        | 1 2 4 6 |  6.5

Action                   |  1- 3 |  4- 6 |  7- 9 || total
-------------------------+-------+-------+-------++-------
Melee: Flail             |    24 |    34 |    34 ||    92
       Headbutt          |     5 |     7 |    11 ||    23
Invok: Heroism           |       |       |     1 ||     1
  Use: Potion            |     4 |     3 |     1 ||     8
  Eat: Ration            |       |       |     1 ||     1
Armor: Scale mail        |     4 |    12 |     3 ||    19
Dodge: Dodged            |     4 |    11 |     7 ||    22
Block: Shield            |     8 |    25 |     9 ||    42

Table legend:
 A = Spawn XP
 B = Non-spawn XP
 C = Spawn XP percentage of total XP
 D = Spawn monster count
 E = Non-spawn monster count
 F = Spawn count percentage of total count
 G = Total turns spent on level
                    A         B        C        D         E        F      G
               +---------+---------+-------+---------+---------+-------+---------
         Total |       0 |    1761 |   0.0 |       0 |      17 |   0.0 |  1232
               +---------+---------+-------+---------+---------+-------+---------
             D |       0 |    1761 |   0.0 |       0 |      17 |   0.0 |  1232
               +---------+---------+-------+---------+---------+-------+---------
